[Event "Early-Titled-Tuesday-Blitz-September-05-2023"]
[Site "Chess.com"]
[Date "2023.09.05"]
[Round "6"]
[White "MFatigue"]
[Black "MKlose11"]
[Result "0-1"]
[WhiteElo "2517"]
[BlackElo "2659"]
[TimeControl "180+1"]
[EndTime "9:07:11 PDT"]
[Termination "MKlose11 won on time"]

1. e4 e6 2. d4 d5 3. Nc3 Bb4 4. e5 Ne7 5. a3 Bxc3+ 6. bxc3 b6 7. Nf3 Ba6 8. Bd3 Bxd3 9. cxd3 c5 10. dxc5 bxc5 11. O-O Nbc6 12. Be3 Qa5 13. d4 cxd4 14. cxd4 O-O 15. Qd3 h6 16. Rfc1 Rab8 17. Rc5 Qa4 18. Rac1 Rb6 19. Nd2 Rfb8 20. g4 Ra6 21. Kg2 Rab6 22.
f4 Rb2 23. R1c2 Rxc2 24. Rxc2 Qb5 25. Qxb5 Rxb5 26. Ra2 Kf8 27. Kf2 Ke8 28. Ke2 Kd7 29.
Kd3 h5 30. h3 Rb8 31. Ra1 hxg4 32. hxg4 Rh8 33. Nb3 Rh4 34. Nc5+ Kc8 35. Rg1 Na5 36. Bf2 Rh3+ 37. Rg3 Rxg3+ 38. Bxg3 Nc4 39. a4 g6 40. Bh4 Nc6 41. Be1 Nb8 42. Ke2 Nd7 43.
Nd3 Na3 44. Bc3 Nb6 45. a5 Nd7 46. f5 gxf5 47. gxf5 Nb5 48. Kd2 Nb8 49. Nf4 Nc7 50. Kd3 Nc6 51. fxe6 fxe6 52. Bd2 Kb7 53. Ke3 Ka6 54.
Bc3 Nxa5 55. Bxa5 Kxa5 56. Kd3 Kb4 57. Ne2 a5 58. Nc1 a4 59. Na2+ Kb3 60. Nc1+ Kb2 61. Kd2 a3 62. Nd3+ Kb1 63. Nb4 a2 64. Nxa2 Kxa2 65.
Kc3 Ka3 0-1

[Event "Early-Titled-Tuesday-Blitz-September-05-2023"]
[Site "Chess.com"]
[Date "2023.09.05"]
[Round "6"]
[White "Boxerandchessplayer"]
[Black "KorolDimitriy75"]
[Result "1-0"]
[WhiteElo "2089"]
[BlackElo "2312"]
[TimeControl "180+1"]
[EndTime "9:07:15 PDT"]
[Termination "Boxerandchessplayer won on time"]

1. d4 Nf6 2. Nf3 g6 3. Nbd2 c5 4. c3 d5 5. e3 Qb6 6. dxc5 Qxc5 7. Bd3 Bg7 8. O-O O-O 9. e4 Nc6 10. exd5 Qxd5 11. Bc4 Qc5 12. Qe2 a6 13. Nb3 Qh5 14. Bf4 b5 15. Bd3 Bg4 16. h3 Bxf3 17. Qxf3 Qxf3 18.
gxf3 Rfd8 19. Bc2 e5 20. Be3 Nd5 21. Rad1 h6 22. Be4 Nce7 23. Bc5 Rac8 24. Rfe1 f5 25.
Bxd5+ Nxd5 26. Be3 Kf7 27. Kg2 g5 28. h4 Bf6 29.
hxg5 hxg5 30. Bc1 Nb6 31. Nd2 Na4 32. Nf1 Kg6 33. Ng3 Nc5 34. Kf1 Nd3 35. Ke2 Nxe1 36.
Rxe1 Rd5 37. Rd1 Rcd8 38. Rxd5 Rxd5 39. Nf1 Rd7 40. Ne3 Bg7 41. Nf1 Bh6 42. Ne3 Bg7 43.
Ng2 Rd6 44. Ne3 Bf6 45. c4 bxc4 46. Nxc4 Rc6 47. b3 Bg7 48. Bb2 e4 49. Bxg7 Kxg7 50. fxe4 fxe4 51. Ke3 Re6 52. Nd2 Rc6 53. Nxe4 Rc2 54.
Nxg5 Rxa2 55. Ne4 Ra3 56. Nc5 Kf6 57. Kd4 1-0

[Event "Early-Titled-Tuesday-Blitz-September-05-2023"]
[Site "Chess.com"]
[Date "2023.09.05"]
[Round "6"]
[White "chess123456s"]
[Black "only_strong_moves"]
[Result "0-1"]
[WhiteElo "2658"]
[BlackElo "2540"]
[TimeControl "180+1"]
[EndTime "9:07:16 PDT"]
[Termination "only_strong_moves won by checkmate"]

1. e4 e6 2. d4 d5 3. Bd3 c5 4.
exd5 Qxd5 5. Nc3 Qd8 6. Nf3 Nc6 7. dxc5 Bxc5 8. O-O h6 9. Ne4 Be7 10. Bd2 Nf6 11.
Bc3 O-O 12. Qe2 Nd5 13. Bd2 f5 14. Nc3 Ndb4 15. Rad1 Nxd3 16. cxd3 Bf6 17. Bf4 Nd4 18. Nxd4 Qxd4 19. Be3 Qd6 20. d4 b6 21. Rfe1 Bb7 22.
Qc4 Rac8 23. Qb3 Rfe8 24. Nb5 Qd7 25. Bf4 Bd5 26. Qa4 Bc6 27. Qxa7 Bxb5 28. Qxb6 Bc6 29. b3 Qd5 30. f3 Ra8 31. a4 Bd8 32. Bc7 Bxc7 33. Qxc7 Rac8 34. Qa7 Qxb3 35. Rb1 Qxa4 36. Qb6 Qc4 37. Rbc1 Qd5 38. Re5 Qd6 39. Rce1 Qc7 40.
Qc5 Bd7 41. Qb4 Qc4 42. Qd6 Qc6 43. Qb4 Kh7 44. h4 Rb8 45. Qd2 Rb5 46. R5e2 Rd5 47.
Qf4 Qd6 48. Qe3 Rxd4 49. h5 e5 50. Qb3 f4 51. Qf7 Rf8 52. Qb3 Rd5 53. Qb7 Bc6 54. Qb6 Rf5 55. Qa7 Rxh5 56. Rc2 Rg5 57. Rec1 Qg6 58.
Qf2 Bd7 59. Rc7 Bh3 60. R1c2 Rxg2+ 61. Qxg2 Bxg2 62. Rxg2 Rd1+ 63. Kh2 Qh5# 0-1

[Event "Early-Titled-Tuesday-Blitz-September-05-2023"]
[Site "Chess.com"]
[Date "2023.09.05"]
[Round "6"]
[White "Truequitos"]
[Black "Obito24"]
[Result "0-1"]
[WhiteElo "2422"]
[BlackElo "2678"]
[TimeControl "180+1"]
[EndTime "9:07:17 PDT"]
[Termination "Obito24 won on time"]

1. e4 c5 2. Nc3 Nc6 3. Bb5 Nd4 4. Nf3 e6 5. O-O a6 6. Bd3 Nc6 7. e5 d5 8. exd6 Bxd6 9. Ne4 Nf6 10. Re1 O-O 11.
Nxf6+ Qxf6 12. Be4 h6 13. d3 Bd7 14. c3 Rad8 15. Qe2 b5 16. a4 b4 17. Bd2 Bf4 18. Rac1 Bxd2 19. Qxd2 Rb8 20. Qe3 bxc3 21. bxc3 Na5 22.
Nd2 Qg5 23. f4 Qe7 24. Bf3 Nb3 25. Nxb3 Rxb3 26. f5 Bxa4 27. fxe6 fxe6 28. Bd5 Rb6 29. Bxe6+ Kh8 30. Bc4 Qxe3+ 31. Rxe3 Bb5 32. Bd5 Rd6 33.
Re5 Bxd3 34. Rce1 a5 35. Bf3 Rc8 36. Re8+ Rxe8 37. Rxe8+ Kh7 38. Ra8 Ra6 39. Be4+ g6 40.
Rxa6 Bxa6 41. Bd5 Kg7 42. Kf2 Kf6 43. Ke3 Ke5 44. Bf7 g5 45. g3 a4 46. Ba2 a3 47.
h4 Bb7 48. hxg5 hxg5 49. Kd2 Bd5 50. c4 Bc6 51. Kc3 Ke4 52. Kb3 Kf3 53. Kxa3 Kxg3 54. Kb3 Kf2 55. Bb1 g4 56. Bf5 g3 57. Bh3 Bg2 58. Bf5 Bf1 59. Be4 Bd3 60. Bd5 Be2 61.
Kc3 Bf3 0-1

[Event "Early-Titled-Tuesday-Blitz-September-05-2023"]
[Site "Chess.com"]
[Date "2023.09.05"]
[Round "6"]
[White "ExchangeAB"]
[Black "vedantgoswami"]
[Result "0-1"]
[WhiteElo "2424"]
[BlackElo "2320"]
[TimeControl "180+1"]
[EndTime "9:07:24 PDT"]
[Termination "vedantgoswami won by resignation"]

1. d4 Nf6 2. Nc3 c5 3. d5 d6 4. g3 g6 5. Bg2 Bg7 6. Nf3 O-O 7. O-O e5 8. Nd2 a6 9. a4 Nbd7 10. a5 b5 11. axb6 Nxb6 12. e4 a5 13. Re1 Bg4 14.
f3 Bc8 15. Na4 Nfd7 16. Nxb6 Nxb6 17. b3 a4 18. c4 Bd7 19. Ba3 axb3 20. Qxb3 Qc7 21.
Bb2 Bh6 22. Bc3 Rfb8 23. Rxa8 Nxa8 24. Qa2 Nb6 25. Bf1 Ra8 26. Qc2 Ba4 27. Qd3 Bd7 28. Ra1 Rxa1 29. Bxa1 Qa7 30. Bb2 Qa2 31. Qb1 Be3+ 32.
Kg2 Qxb1 33. Nxb1 Na4 34. Ba1 f5 35. Bd3 Bd4 36. Bxd4 cxd4 37. Kf2 Kf7 38. Ke2 Kf6 39. Kd2 Nc5 40. Na3 f4 41. Nc2 g5 42. g4 Ba4 43.
Nb4 Ke7 44. Bc2 Be8 45. h3 Kd8 46. Na2 Kc7 47. Nc1 Kb6 48. Ne2 Ka5 49. Bd3 Kb4 50. Nc1 Ba4 51. Na2+ Ka3 52. Nc1 Kb2 53. Ne2 Bb3 54. Ng1 Ka3 55. Ne2 Kb4 56. Nc1 Ba4 57. Na2+ Ka3 58. Nc1 Bb3 59. Ne2 Kb4 60. Nc1 Bxc4 61.
Bxc4 Kxc4 62. Kc2 d3+ 63. Kd2 Kd4 64. Na2 Nb3+ 65. Kd1 Ke3 66. Nb4 d2 67. Nc6 Kxf3 68.
Nxe5+ dxe5 69. d6 Nc5 70. Kxd2 Kxe4 71. Kc3 Kd5 0-1

[Event "Early-Titled-Tuesday-Blitz-September-05-2023"]
[Site "Chess.com"]
[Date "2023.09.05"]
[Round "6"]
[White "PepeCuenca"]
[Black "ShahMatKanal"]
[Result "0-1"]
[WhiteElo "2685"]
[BlackElo "2441"]
[TimeControl "180+1"]
[EndTime "9:07:26 PDT"]
[Termination "ShahMatKanal won on time"]

1. e4 c6 2. Nc3 d5 3. Nf3 Bg4 4. h3 Bxf3 5. Qxf3 e6 6. d4 dxe4 7. Qxe4 Nf6 8. Qd3 Nbd7 9. g3 Be7 10. Bg2 O-O 11. O-O Qc7 12. Ne2 c5 13. c3 cxd4 14. Nxd4 a6 15. Re1 Rfd8 16. Be3 Ne5 17. Qe2 Ng6 18.
a4 Nd5 19. Bd2 Bc5 20. Nb3 Ba7 21. Kh1 Nf6 22. a5 h5 23. Bg5 h4 24. Qf3 hxg3 25. fxg3 Bb8 26. Nd4 Rd5 27. Be3 Nh4 28. Qf4 Nxg2 29. Qxc7 Bxc7 30. Kxg2 Rxa5 31. Rxa5 Bxa5 32.
Bg5 Nd5 33. h4 Rc8 34. h5 Bd8 35. Bd2 Bf6 36. Nf3 Rd8 37. g4 Nb6 38. g5 Be7 39.
Re2 Nc4 40. Bf4 Rd5 41. g6 Rxh5 42. gxf7+ Kxf7 43. b3 Nb6 44. c4 Nd7 45. Rd2 Ke8 46.
Bg3 b5 47. Nd4 bxc4 48. bxc4 Nc5 49. Rb2 Rg5 50. Kf3 Kf7 51. Rb6 a5 52. Nc6 Rf5+ 53.
Ke2 Ne4 54. Be1 Bc5 55. Rb7+ Kg6 56. Rb5 a4 57. Ra5 a3 58. Kd3 Nf2+ 59. Kc2 Bf8 60. Ra6 Kf7 61. Ra7+ Kg8 62. Bc3 Ne4 63. Ra8 Nxc3 64.
Ne7+ Kf7 65. Nxf5 exf5 66. Kxc3 g5 67. Kd4 g4 68. Ke3 Bd6 69. Ra6 Ke7 0-1

[Event "Early-Titled-Tuesday-Blitz-September-05-2023"]
[Site "Chess.com"]
[Date "2023.09.05"]
[Round "6"]
[White "Rutricks"]
[Black "Grossboss19"]
[Result "1-0"]
[WhiteElo "2653"]
[BlackElo "2498"]
[TimeControl "180+1"]
[EndTime "9:07:27 PDT"]
[Termination "Rutricks won by resignation"]

1. Nf3 Nf6 2. b3 g6 3. Bb2 Bg7 4. c4 O-O 5. g3 c5 6. Bg2 Nc6 7. O-O Ne8 8. Bxg7 Nxg7 9. d4 cxd4 10. Nxd4 Ne6 11. Nc2 b6 12. Nc3 Bb7 13. Qd2 d6 14.
Rad1 Qd7 15. Qh6 Ng7 16. Ne3 Ne5 17. Ncd5 f6 18. Qf4 Kh8 19. Qd4 Ne6 20. Qd2 Rac8 21.
a4 Nc5 22. Qb2 e6 23. Nc3 Bxg2 24. Kxg2 a6 25. Rd4 Nc6 26. Rd2 Rcd8 27. Rfd1 Qc7 28. b4 Nb7 29. Ne4 Ne5 30. f4 Qc6 31. Qc2 f5 32. fxe5 dxe5 33. b5 axb5 34. axb5 Qxe4+ 35. Qxe4 fxe4 36. Rd7 Rxd7 37. Rxd7 Na5 38. Rd6 Rc8 39.
Rxb6 Nxc4 40. Nxc4 Rxc4 41. Rc6 Rb4 42. b6 Kg7 43.
Rxe6 Kf7 44. Rc6 Rb2 45. Kf2 Rb3 46. Rc7+ Kf6 47. b7 h5 48. Ke1 Rb2 49. Kd1 Kf5 50. Kc1 Rb6 51. h3 e3 52. Kc2 Ke4 53. Kc3 g5 54.
Kc4 h4 55. gxh4 gxh4 56. Kc5 Rb1 57. Kc6 Kf4 58. Rc8 Kg3 59. b8=Q Rxb8 60. Rxb8 Kf2 61. Rh8 Kxe2 62. Rxh4 Kf3 63. Rh5 e4 64. Rf5+ Kg3 65. Re5 Kf4 66. Kd5 e2 67. Rxe4+ Kf3 68. h4 e1=Q 69. Rxe1 Kg4 70. Re4+ Kh5 71. Ke5 Kg6 72.
Kf4 1-0

[Event "Early-Titled-Tuesday-Blitz-September-05-2023"]
[Site "Chess.com"]
[Date "2023.09.05"]
[Round "6"]
[White "GMG"]
[Black "Herzog2012"]
[Result "1/2-1/2"]
[WhiteElo "2787"]
[BlackElo "2472"]
[TimeControl "180+1"]
[EndTime "9:07:28 PDT"]
[Termination "Game drawn by stalemate"]

1. d4 Nf6 2. c4 e6 3. Nf3 b6 4. g3 Ba6 5. Qa4 Bb7 6. Bg2 Ke7 7. O-O g6 8. Nc3 Bg7 9. d5 d6 10. e4 Nbd7 11. Nd4 Nc5 12. Qd1 exd5 13. cxd5 Re8 14. b4 Ncd7 15. Nc6+ Bxc6 16. dxc6 Nf8 17. Bb2 Ne6 18.
Qd2 Kf8 19. Rad1 Ng4 20. h3 Ne5 21. Qe2 Nxc6 22. Nd5 Ncd4 23. Qd2 c6 24. Ne3 a5 25. a3 b5 26. f4 axb4 27. f5 Nb3 28. Bxg7+ Nxg7 29. Qxb4 Nc5 30. fxg6 hxg6 31. Ng4 Ra4 32. Qc3 Nxe4 33.
Qxc6 Nf5 34. Qxb5 Rxa3 35. Qb4 Rxg3 36. Kh2 Rxg2+ 37. Kxg2 Qh4 38. Rd3 Neg3 39. Rf2 Re4 40. Qb8+ Kg7 41. Qb2+ Kf8 42. Rb3 Rxg4 43. Rb8+ Ke7 44.
Rb7+ Kf8 45. Rb8+ Ke7 46. Re2+ Re4 47. Rb7+ Ke6 48. Qb3+ Kf6 49. Qc3+ Kg5 50. Qd2+ Qf4 51. Rxf7 Rxe2+ 52. Kg1 Qxd2 53. h4+ Kxh4 54. Rh7+ Kg5 55. Rh5+ Kf6 56. Rxf5+ Ke6 57. Rf6+ Kd7 58. Rxd6+ Kc7 59. Rc6+ Kd7 60. Rd6+ Ke7 61. Re6+ Kf7 62. Rf6+ Kg7 63.
Rxg6+ Kf7 64. Rf6+ Ke7 65. Re6+ Kd7 66. Rd6+ Kc7 67.
Rc6+ Kb7 68. Rb6+ Ka7 69. Ra6+ Kxa6 1/2-1/2

[Event "Early-Titled-Tuesday-Blitz-September-05-2023"]
[Site "Chess.com"]
[Date "2023.09.05"]
[Round "6"]
[White "Ginger_GM"]
[Black "zverr1"]
[Result "1-0"]
[WhiteElo "2605"]
[BlackElo "2481"]
[TimeControl "180+1"]
[EndTime "9:07:28 PDT"]
[Termination "Ginger_GM won by resignation"]

1. d4 Nf6 2. Nf3 g6 3. Nc3 d5 4. Bf4 c6 5. e3 Bf5 6. Be2 Bg7 7. h4 h6 8. Ne5 Nfd7 9. g4 Be6 10. Nd3 Na6 11.
Bf3 Nb6 12. Be5 O-O 13. Bxg7 Kxg7 14. Qe2 Qd6 15. O-O-O Nb4 16. Nf4 Bd7 17. Kb1 e5 18. dxe5 Qxe5 19. h5 g5 20. Nd3 Nxd3 21. Qxd3 f5 22.
gxf5 Bxf5 23. e4 Bh7 24. Rhe1 d4 25. Ne2 c5 26. Ng3 c4 27. Qa3 c3 28. Nf5+ Kh8 29.
b3 Rad8 30. Bg4 a5 31. f3 Bxf5 32. Bxf5 Qd6 33. Qxd6 Rxd6 34. Bg4 Nd7 35. e5 Rd5 36. e6 Nf6 37. e7 Re8 38. Be6 Rxe7 39.
Bxd5 Rxe1 40. Rxe1 Nxd5 41. Re4 Nf4 42. Rxd4 Nxh5 43.
Rd7 Nf4 44. Rxb7 h5 45. Re7 h4 46. Re1 h3 47. a3 Kg7 48. b4 axb4 49. axb4 Kf6 50. Ka2 Nd5 51. Kb3 Kf5 52. b5 Kf4 53. Kc4 Nb6+ 54. Kc5 Na4+ 55. Kb4 Nb6 56. Rh1 Kg3 57.
Rg1+ Kxf3 58. Rxg5 h2 59. Rh5 Kg2 60. Kxc3 h1=Q 61.
Rxh1 Kxh1 62. Kd4 Kg2 63. c4 Kf3 64. c5 Na4 65. b6 Nxc5 66. Kxc5 Ke4 67. b7 Kd3 68.
b8=Q Ke3 69. Qe5+ Kd3 70. Qf4 Kc2 71. Qe3 Kd1 72. Qf2 Kc1 73. Kb4 Kd1 74. Kc3 Kc1 1-0

[Event "Early-Titled-Tuesday-Blitz-September-05-2023"]
[Site "Chess.com"]
[Date "2023.09.05"]
[Round "6"]
[White "nihalsarin"]
[Black "sokidze"]
[Result "1-0"]
[WhiteElo "3129"]
[BlackElo "2777"]
[TimeControl "180+1"]
[EndTime "9:07:31 PDT"]
[Termination "nihalsarin won by resignation"]

1. Nf3 d5 2. b3 c6 3. Bb2 Bf5 4. e3 e6 5. c4 Nf6 6. Nc3 h6 7. d4 Nbd7 8. Bd3 Bxd3 9. Qxd3 Be7 10. O-O O-O 11. e4 dxe4 12. Nxe4 c5 13. Rad1 cxd4 14. Bxd4 Qc7 15. Nxf6+ Bxf6 16. Qe3 Bxd4 17. Rxd4 Nf6 18. Rfd1 Rfd8 19. h3 b6 20. Ne5 Rac8 21. b4 Rxd4 22. Qxd4 Qe7 23. a3 Qe8 24. Qd6 Qa4 25. Rd3 Qc2 26. Qd4 Qc1+ 27. Kh2 Qc2 28. g3 Qe2 29. Kg2 h5 30. Re3 Qc2 31. Rd3 Qe2 32. Rd2 Qe1 33. h4 Qc1 34. Rd3 Qc2 35. Re3 Qc1 36. Qd6 Ng4 37. Nxg4 hxg4 38. Rxe6 Qxc4 39. Re7 Qb3 40. Qf4 Qd5+ 41. Kh2 Rc4 42. Qb8+ Kh7 43. Qb7 Qxb7 44. Rxb7 f5 45. Rxa7 Rc2 46. Kg2 Ra2 47. Ra6 Ra1 48. b5 g6 49. a4 Kh6 50. Ra8 Ra2 51. Ra7 Ra1 52. Ra6 Ra2 53. Rxb6 Rxa4 54. Rc6 Rb4 55. b6 Rb1 56. Rd6 Kh7 57. Rd7+ Kh6 58. b7 Rb2 59. Kf1 g5 60. hxg5+ Kxg5 61. Ke1 f4 62. Kd1 fxg3 63. fxg3 Kf5 64. Kc1 Rb6 65. Kc2 Ke4 66. Rf7 Ke3 67. Kc3 Ke2 68. Kc4 Rb1 69. Kc5 Rc1+ 70. Kd6 Rb1 71. Kc7 Rc1+ 72. Kd8 Rb1 73. Kc8 Rc1+ 74. Rc7 Rb1 75. b8=Q Rxb8+ 76. Kxb8 Kf2 77. Rc3 1-0

[Event "Early-Titled-Tuesday-Blitz-September-05-2023"]
[Site "Chess.com"]
[Date "2023.09.05"]
[Round "6"]
[White "Amirreza_p"]
[Black "Duong57"]
[Result "0-1"]
[WhiteElo "2601"]
[BlackElo "2503"]
[TimeControl "180+1"]
[EndTime "9:07:37 PDT"]
[Termination "Duong57 won on time"]

1. Nf3 d5 2. c4 e6 3. g3 c6 4. Bg2 Nf6 5. O-O Be7 6. d4 O-O 7. Qc2 b6 8. Nbd2 Bb7 9. e4 Nbd7 10. Re1 Rc8 11. e5 Ne8 12. cxd5 cxd5 13. Qd3 Qc7 14. Nb3 Qc2 15. Bf1 Qxd3 16. Bxd3 Nc7 17. Bd2 Ba6 18. Bxa6 Nxa6 19. Rec1 h6 20. a3 Rc4 21.
Rc3 Rfc8 22. Rac1 Rxc3 23. Rxc3 Rxc3 24. Bxc3 Nc7 25. a4 Nb8 26. Kf1 Nc6 27. Ke2 Kf8 28. Ne1 Ke8 29. Nd3 Kd7 30. f4 Na6 31. Bd2 Nab4 32.
Bxb4 Bxb4 33. g4 g6 34. h4 h5 35. gxh5 gxh5 36. Kf3 Be7 37. Kg3 Nb4 38. Nxb4 Bxb4 39.
Nc1 Bd2 40. Ne2 Be1+ 41. Kh3 Bd2 42. Ng3 Bxf4 43. Nxh5 Be3 44. Nf6+ Ke7 45. h5 Bxd4 46. Ng4 f5 47. exf6+ Bxf6 48. b3 Bc3 49. Kg3 Kf7 50. Kf4 Kg7 51. Ke3 e5 52. Kd3 Ba1 53. Ne3 e4+ 54. Kc2 d4 55. Ng4 d3+ 56. Kd2 Bd4 57. b4 a6 58. b5 a5 59. Nh2 Kf6 60. Ng4+ Kg5 61. Nh2 Kxh5 62. Nf1 Kg5 63. Ng3 Kf4 64. Nh5+ Kf3 0-1

[Event "Early-Titled-Tuesday-Blitz-September-05-2023"]
[Site "Chess.com"]
[Date "2023.09.05"]
[Round "6"]
[White "platy3"]
[Black "Ali_rastbod"]
[Result "0-1"]
[WhiteElo "2909"]
[BlackElo "2700"]
[TimeControl "180+1"]
[EndTime "9:07:39 PDT"]
[Termination "Ali_rastbod won by resignation"]

1. e4 c6 2. Nf3 d5 3. Nc3 Nf6 4.
e5 Ne4 5. Ne2 Qb6 6. d4 c5 7. c3 cxd4 8. Nexd4 Nc6 9. h3 g6 10.
Qb3 Qxb3 11. axb3 Bg7 12. Bb5 Bd7 13. Bf4 O-O 14. O-O e6 15. b4 Rfc8 16. Rfd1 a6 17.
Bxc6 Bxc6 18. Ra5 b6 19. Ra2 Bb7 20. Rda1 Re8 21. Be3 f6 22. exf6 Bxf6 23. Nb3 b5 24. Na5 Bc8 25. Nc6 e5 26. Ra3 Bb7 27. Na5 Bc8 28. Nb3 Kg7 29. Rd1 Be6 30. Nc5 Nxc5 31. Bxc5 g5 32. Re1 Bf7 33. Rea1 Re6 34. Ne1 d4 35. Nc2 d3 36. Ne3 e4 37. Ng4 h5 38.
Nxf6 Kxf6 39. Be3 Kg6 40. Ra5 Be8 41. b3 Rc6 42. Bd2 Re6 43. c4 bxc4 44. bxc4 Rc8 45. Rxa6 Rxa6 46. Rxa6+ Kf7 47. c5 Bb5 48. Rb6 Bc4 49. c6 Ke6 50. b5 Kd5 51. Rb7 Kc5 52. Be3+ Kb4 53. b6 Rxc6 54. Rb8 Ba6 55. b7 Rc7 56.
Bd2+ Kb3 57. Bxg5 Rxb7 58. Re8 Rb4 59. Kh2 Bb5 60. Re7 Kc2 61. Rc7+ Rc4 62. Ra7 Ba4 63. Kg3 d2 64. Bxd2 Kxd2 65. Ra5 Ke2 66. Rxh5 Rc3+ 67. Kf4 Bc2 68. g4 Kxf2 69. g5 e3 70. g6 Bxg6 71. Rg5 Bb1 72. Rb5 Bc2 73. Rc5 Rxc5 0-1

[Event "Early-Titled-Tuesday-Blitz-September-05-2023"]
[Site "Chess.com"]
[Date "2023.09.05"]
[Round "6"]
[White "LeoWin2012"]
[Black "Mariia89"]
[Result "1/2-1/2"]
[WhiteElo "2221"]
[BlackElo "1970"]
[TimeControl "180+1"]
[EndTime "9:07:41 PDT"]
[Termination "Game drawn - insufficient material"]

1. e4 c6 2. d4 d5 3. Nc3 dxe4 4. Nxe4 Nf6 5. Nxf6+ exf6 6. Nf3 Be7 7. Bd3 Na6 8.
c3 Nc7 9. O-O O-O 10. Re1 Bg4 11. h3 Bh5 12. Bf4 Nd5 13. Bg3 Re8 14. Qc2 Bg6 15. Nh4 Bf8 16. Nf5 Qd7 17. Nh4 Bd6 18. Nxg6 hxg6 19. Bxd6 Qxd6 20. Qd2 Rad8 21. Rxe8+ Rxe8 22. Re1 Qd7 23. Rxe8+ Qxe8 24. Qe2 Qxe2 25. Bxe2 Nf4 26.
Bc4 Kf8 27. Kh2 Ke7 28. g3 Ne6 29. Kg2 Kd6 30. f4 f5 31. Kf3 Ke7 32. d5 cxd5 33. Bxd5 b6 34. Ke3 Nc7 35. Bc4 Kf6 36. Kd4 Ke7 37.
a4 Kd6 38. b4 f6 39. Bf7 g5 40. Bg6 Ne6+ 41. Ke3 gxf4+ 42. gxf4 Nc7 43. Bxf5 Nd5+ 44. Kd4 Nxf4 45. a5 Nd5 46. axb6 axb6 47. Be4 Ne7 48. c4 f5 49. Bf3 g5 50. c5+ bxc5+ 51. bxc5+ Ke6 52. Kc4 Ke5 53. c6 Kf4 54. Bh1 g4 55. hxg4 fxg4 56. c7 g3 57. Kc5 Ke3 58. Kd6 Nc8+ 59.
Kd7 Nb6+ 60. Kc6 Nc8 61. Kb7 Nd6+ 62. Kb8 Kf2 63. Ka7 g2 64. Bxg2 Kxg2 65. Kb6 Kf3 66. Kc6 Nc8 67. Kd7 Nb6+ 68. Kc6 Nc8 69. Kb7 Nd6+ 70.
Kb8 Ke4 71. c8=Q Nxc8 1/2-1/2

[Event "Early-Titled-Tuesday-Blitz-September-05-2023"]
[Site "Chess.com"]
[Date "2023.09.05"]
[Round "6"]
[White "Hope_6"]
[Black "Sanan_Sjugirov"]
[Result "1-0"]
[WhiteElo "2718"]
[BlackElo "2890"]
[TimeControl "180+1"]
[EndTime "9:07:43 PDT"]
[Termination "Hope_6 won on time"]

1. d4 Nf6 2. c4 e6 3. Bf4 Bb4+ 4.
Nd2 b6 5. a3 Bxd2+ 6. Qxd2 Bb7 7. Nf3 d6 8. e3 Nbd7 9. h3 Qe7 10. Be2 O-O 11. O-O Ne4 12. Qc2 f5 13. Bh2 Ng5 14. Qd1 a5 15. Rc1 a4 16. Nxg5 Qxg5 17. Bf3 Be4 18. Qe2 Ra5 19. Rfd1 h6 20. Bg3 Qe7 21. Rd2 Bxf3 22. Qxf3 Nf6 23. Rdc2 Ne4 24. Bh2 c5 25. Rd1 cxd4 26. exd4 Rc8 27. Qe2 Qd7 28. Re1 Re8 29. Kh1 Raa8 30. f3 Nf6 31. c5 bxc5 32.
dxc5 dxc5 33. Rxc5 Nd5 34. Be5 Rec8 35. Rec1 Rxc5 36.
Rxc5 Rc8 37. Qc4 Rxc5 38. Qxc5 Kh7 39. Kh2 Qb7 40. Qd6 Qf7 41. Qc6 Qg6 42. Qc5 f4 43.
Qf2 Qf5 44. Qd4 Ne3 45. Qxf4 Qxf4+ 46. Bxf4 Nc4 47. Bc1 g5 48. g4 Kg6 49. Kg3 e5 50. Kf2 Kf6 51. Ke2 Ke6 52. Kd3 Kd5 53. Kc3 Kc5 54.
b3 axb3 55. Kxb3 Kd4 56. Kc2 e4 57. fxe4 Kxe4 58. a4 Kf3 59. Kb3 Na5+ 60. Kb4 Nc6+ 61. Kb5 Nd4+ 62. Kc4 Nc6 63. Bd2 Kg3 64. Kc5 Nb8 65.
a5 Kxh3 66. Kb6 Kxg4 67. Kc7 Na6+ 68. Kb6 Nb8 69. Kb7 Nd7 70. Bb4 h5 71. a6 h4 72. a7 h3 73. a8=Q h2 74. Qa1 Ne5 75. Qd1+ Nf3 76. Bd6 1-0

[Event "Early-Titled-Tuesday-Blitz-September-05-2023"]
[Site "Chess.com"]
[Date "2023.09.05"]
[Round "6"]
[White "Yeremyan_ChessMate"]
[Black "Rsnr"]
[Result "0-1"]
[WhiteElo "2669"]
[BlackElo "2916"]
[TimeControl "180+1"]
[EndTime "9:07:44 PDT"]
[Termination "Rsnr won by resignation"]

1. d4 d5 2. Nf3 Nf6 3. g3 b5 4. Bg2 e6 5. O-O Be7 6. a4 b4 7.
c4 bxc3 8. bxc3 Ba6 9. Ne5 O-O 10. c4 c6 11. Nc3 Nfd7 12. Nxd7 Nxd7 13. cxd5 cxd5 14.
Re1 Rc8 15. Bd2 Nf6 16. Nb5 Qd7 17. Qb1 Rb8 18. Qd3 Bxb5 19. axb5 Rxb5 20. Rxa7 Qxa7 21. Qxb5 Qxd4 22. Be3 Qb4 23. Qxb4 Bxb4 24. Rb1 Bc3 25. Rc1 Be5 26. h3 Ra8 27. Bg5 g6 28. Bxf6 Bxf6 29. e4 dxe4 30. Bxe4 Ra4 31. Bd3 Ra3 32. Be4 Bd4 33. Rc2 Rxg3+ 34. Kh2 Ra3 35. Kg2 Kg7 36. Rc7 Ra2 37. Bc2 Be5 38. Rc6 g5 39.
Rc5 Bf4 40. Rc4 h5 41. h4 Kf6 42. hxg5+ Kxg5 43. Rc8 Be5 44. Rc5 Kf6 45. Rc4 Rb2 46. Bd1 Kg6 47. Re4 Bc7 48. Rc4 Bb6 49. Rc2 Rb1 50.
Rd2 Rc1 51. Bc2+ Kg5 52. Bd1 h4 53. Rd3 e5 54. Bb3 f5 55. Rd5 h3+ 56. Kh2 Kf4 57. Rd2 Rc3 58. Bd5 e4 59. Be6 Rf3 60. Rd5 Kg4 61.
Rd7 Bxf2 62. Kh1 Bg3 63. Rd1 e3 64. Bc4 Rf2 65. Rd4+ f4 66. Rd5 Rd2 67. Rxd2 exd2 68. Be2+ f3 69. Bd1 Kf4 70. Kg1 f2+ 71. Kf1 h2 72. Bf3 h1=Q+ 0-1

[Event "Early-Titled-Tuesday-Blitz-September-05-2023"]
[Site "Chess.com"]
[Date "2023.09.05"]
[Round "6"]
[White "Msb2"]
[Black "Bauman_Guy"]
[Result "1/2-1/2"]
[WhiteElo "3092"]
[BlackElo "2866"]
[TimeControl "180+1"]
[EndTime "9:07:52 PDT"]
[Termination "Game drawn by repetition"]

1. d4 Nf6 2. c4 e6 3. Nc3 Bb4 4. e3 O-O 5. Bd2 b6 6. Nf3 Bb7 7. Bd3 d6 8. O-O Nbd7 9. a3 Bxc3 10. Bxc3 Ne4 11. Be1 f5 12. Kh1 Rf6 13. Ng1 Rh6 14. f3 Ng5 15. Qe2 Qe8 16. Bg3 Qh5 17. Rae1 Rf8 18.
Qd2 a5 19. b4 axb4 20. axb4 e5 21. dxe5 Nxe5 22. Be2 Qg6 23. Bf4 Rh5 24. Qb2 Ne6 25.
Nh3 Re8 26. Qc3 Qf6 27. Bg3 Rxh3 28. Bxe5 dxe5 29. gxh3 f4 30. c5 Ng5 31. exf4 Qxf4 32. c6 Bc8 33. Qc4+ Kf8 34. Qxf4+ exf4 35. h4 Nf7 36. Bc4 Ne5 37. Re4 Nxc4 38. Rxf4+ Kg8 39.
Rxc4 Ba6 40. Rfc1 Bxc4 41. Rxc4 Re2 42. Rd4 Kf7 43. Kg1 Kf6 44. Kf1 Rc2 45. b5 Rc5 46. Rd7 Rxb5 47. Rxc7 Rc5 48. Kg2 b5 49. Rc8 b4 50. c7 Kg6 51. Kg3 b3 52. Rb8 Rxc7 53. Rb6+ Kf7 54. Rxb3 h5 55. Rb5 Kg6 56. Rb6+ Kh7 57.
Ra6 Rc4 58. Ra5 g6 59. Re5 Kh6 60. Re4 Rc5 61. Rf4 Kg7 62. Ra4 Rd5 63. Kf4 Rf5+ 64. Ke4 Rb5 65. f4 Rb2 66. f5 Re2+ 67. Kf3 Rxh2 68. fxg6 Kxg6 69. Kg3 Re2 70. Ra6+ Kf5 71. Rh6 Re3+ 72. Kf2 Rh3 73. Rxh5+ Kg4 74. Rh8 Rxh4 75.
Rg8+ Kf5 76. Ra8 Rb4 77. Kf3 Rb3+ 78. Ke2 Ke4 79. Ra4+ Kd5 80. Rh4 Ke5 81. Kd2 Rg3 82. Ke2 Kf5 83. Kd2 Rb3 84. Ke2 Rg3 85. Kd2 Rb3 86. Ke2 Rg3 1/2-1/2

[Event "Early-Titled-Tuesday-Blitz-September-05-2023"]
[Site "Chess.com"]
[Date "2023.09.05"]
[Round "6"]
[White "Keeper0416"]
[Black "Zhigalko_Sergei"]
[Result "1-0"]
[WhiteElo "2603"]
[BlackElo "2869"]
[TimeControl "180+1"]
[EndTime "9:08:13 PDT"]
[Termination "Keeper0416 won on time"]

1. d4 Nf6 2. c4 e6 3. Nf3 b6 4. g3 Ba6 5. Qc2 Bb4+ 6. Bd2 Be7 7. Bg2 O-O 8. O-O c6 9. b3 d5 10. Ne5 Nfd7 11. Nf3 Nf6 12. Ne5 Bb7 13. Rc1 Nbd7 14. cxd5 Nxe5 15. dxe5 Nxd5 16. e4 Nb4 17. Bxb4 Bxb4 18.
Rd1 Qc7 19. f4 Rfd8 20. Nc3 Qe7 21. Ne2 Ba6 22. Bf1 h5 23. h4 Bd3 24. Rxd3 Qc5+ 25. Nd4 Rxd4 26. Qxc5 Bxc5 27. Kg2 Rxe4 28. Kf3 Rd4 29.
Rad1 Rad8 30. Rxd4 Bxd4 31. Ba6 c5 32. Ke4 g6 33. a4 Rd7 34. Bb5 Rc7 35. Ba6 Kf8 36. Bb5 Ke7 37. Ba6 f6 38. Bc4 Rd7 39. Bb5 Rd8 40.
Bc4 Rb8 41. Bb5 Rf8 42. Rf1 Rf7 43. Bc4 Rf8 44. Bb5 Ra8 45. Ba6 Rb8 46. Bb5 Rd8 47.
Bc4 Bc3 48. exf6+ Kxf6 49. Ke3 Rd4 50. Rf2 Bb4 51. Re2 e5 52. fxe5+ Kxe5 53. Kf3+ Kf5 54.
Be6+ Kf6 55. Bc4 Bc3 56. Re6+ Kf5 57. Re7 g5 58. hxg5 Kxg5 59. Rg7+ Kf6 60. Rf7+ Kg6 61.
Rxa7 Ba5 62. Re7 Rd2 63. Re6+ Kf5 64. Re2 Rd4 65. Be6+ Kf6 66. Bc4 Rd1 67. Re6+ Kf5 68. Re2 Rc1 69. Re8 Rc3+ 70. Kg2 Bb4 71. Rf8+ Kg6 72. Rg8+ Kh7 73. Rg5 Kh6 74. Rg8 Re3 75.
Kf2 Rc3 76. Kg2 Ba3 77. Kf2 Bc1 78. Kg2 Bd2 79. Bf7 Be1 80. Bc4 Kh7 81. Kh3 Rxc4 82. bxc4 Kxg8 83. Kh4 Kf7 84. Kxh5 1-0